 Dungeon Crawl Stone Soup version 0.24-a0-411-g4df2b1290f (webtiles) character file.

Game seed: 14969229080671173634

58 Ishchenko the Shooter (level 3, -2/21 HPs)
             Began as a Deep Elf Hunter on June 6, 2019.
             Slain by a gnoll
             ... wielding a +0 spear
              (3 damage)
             ... on level 2 of the Dungeon.
             The game lasted 00:06:19 (900 turns).

Ishchenko the Shooter (Deep Elf Hunter)              Turns: 900, Time: 00:06:19

Health: -2/21      AC:  6    Str:  9    XL:     3   Next: 76%
Magic:  5/5        EV: 12    Int: 15    God:
Gold:   64         SH:  0    Dex: 16    Spells: 2/2 levels left

rFire    . . .     SeeInvis .   b - +0 short sword
rCold    . . .     Gourm    .   (no shield)
rNeg     . . .     Faith    .   h - +0 leather armour (curse)
rPois    .         Spirit   .   (no helmet)
rElec    .         Reflect  .   (no cloak)
rCorr    .         Harm     .   e - +0 pair of gloves
MR       .....                  (no boots)
Stlth    +++.......             (no amulet)
HPRegen  0.07/turn              p - ring of stealth
MPRegen  0.09/turn              (no ring)

@: no status effects
A: talons 1, yellow scales 1, blink
a: Blink


You were on level 2 of the Dungeon.
You were not hungry.

You visited 1 branch of the dungeon, and saw 2 of its levels.

You collected 64 gold pieces.

Inventory:

Hand Weapons
 a - a +1 shortbow
 b - a +0 short sword (weapon)
Armour
 c - a +0 leather armour
 e - a +0 pair of gloves (worn)
 h - a cursed +0 leather armour (worn)
Jewellery
 p - a ring of stealth (left hand)
Scrolls
 n - a scroll of random uselessness {unknown}
 o - a scroll of identify {unknown}
Potions
 m - 2 potions of lignification
Comestibles
 f - 2 rations


   Skills:
 + Level 2.0 Fighting
 + Level 5.6 Bows
 + Level 2.5 Dodging
 + Level 1.2 Stealth


You had 2 spell levels left.
You didn't know any spells.
Your spell library was empty.

Dungeon Overview and Level Annotations

Branches:
Dungeon (2/15)

Altars:


Innate Abilities, Weirdness & Mutations

You have sharp toenails.
You are partially covered in yellow scales. (AC +2)
You can translocate small distances at will.


Message History

The gnoll hits you but does no damage. The gnoll hits you but does no damage.
The gnoll hits you but does no damage. The gnoll hits you but does no damage.
The gnoll hits you but does no damage. The gnoll completely misses you.
You feel less wooden.
Your +0 pair of gloves unmelds from your body.
Your cursed +0 leather armour unmelds from your body.
The gnoll misses you.
The gnoll hits you from afar with a +0 spear.
The gnoll closely misses you.
The gnoll hits you from afar with a +0 spear!
* * * LOW HITPOINT WARNING * * *
The gnoll hits you from afar with a +0 spear.
* * * LOW HITPOINT WARNING * * *
The gnoll misses you. The gnoll hits you but does no damage.
The gnoll hits you from afar with a +0 spear.
You die...

#....###
#.### #.##.#
#.# #....#
#.. ####.#
#.. #.# ..
#.# #.# ..
#.######+#..(
#@##..(.((.((
#)##...(.....
#g##g.....#..
#g((S........
##########[##
#


You could see 2 gnolls.

Vanquished Creatures
  2 gnolls (D:2)
  An adder (D:2)
  An ooze (D:1)
  A leopard gecko (D:1)
  5 bats (D:1)
  2 giant cockroaches (D:1)
  2 goblins (D:1)
  5 hobgoblins (D:1)
  A kobold (D:1)
  4 rats
24 creatures vanquished.

Notes
Turn   | Place    | Note
-------+----------+-------------------------------------------
     0 | D:1      | Ishchenko the Deep Elf Hunter began the quest for the Orb.
     0 | D:1      | Reached XP level 1. HP: 12/12 MP: 3/3
   114 | D:1      | Reached XP level 2. HP: 13/17 MP: 4/4
   160 | D:1      | Reached skill level 5 in Bows
   644 | D:1      | Reached XP level 3. HP: 15/21 MP: 5/5
   853 | D:2      | Gained mutation: You have sharp toenails. [potion of
                  | mutation]
   853 | D:2      | Gained mutation: You are partially covered in yellow
                  | scales. (AC +2) [potion of mutation]
   853 | D:2      | Gained mutation: You can translocate small distances at
                  | will. [potion of mutation]
   897 | D:2      | HP: 1/21 [gnoll/+0 spear (2)]
   900 | D:2      | Slain by a gnoll

Levels and vault maps discovered:
D:1:      lightli_arrival_statue_moat, layout_loops_cross
D:2:      layout_basic, minmay_pentomino_t2

Skill      XL: |  1  2  3 |
---------------+----------+-----
Bows           | 5 |  5.6
Fighting       | 2 |  2.0
Dodging        | |  2.5
Stealth        | |  1.2

Action                   || total
-------------------------++-------
Melee: Short sword       ||    15
 Fire: Shortbow          ||    73
  Use: Scroll            ||     1
       Potion            ||     6
Armor: Leather armour    ||    17
       Skin              ||    37
Dodge: Dodged            ||    32

Table legend:
 A = Non-vault XP
 B = Vault XP
 C = Vault XP percentage of total XP
 D = Non-vault monster count
 E = Vault monster count
 F = Vault count percentage of total count
                 A         B        C        D         E       F
            +---------+---------+-------+---------+---------+-------
      Total |      83 |       1 |   1.2 |      23 |       1 |   4.2
            +---------+---------+-------+---------+---------+-------
        D:1 |      42 |       0 |   0.0 |      20 |       0 |   0.0
        D:2 |      41 |       1 |   2.4 |       3 |       1 |  25.0
            +---------+---------+-------+---------+---------+-------
